 Dungeon Crawl Stone Soup version 0.24.0-125-gc4c63601f3 (webtiles) character file.

Game seed: 7381494867973858903, levelgen mode: deterministic

28462 eccles the Geomancer (level 13, -12/88 HPs)
             Began as a Gargoyle Earth Elementalist on Feb 26, 2020.
             Was a Priest of Sif Muna.
             Mangled by Rupert
             ... wielding a +0 great mace of draining
              (18 damage)
             ... on level 4 of the Lair of Beasts on Mar 10, 2020.
             The game lasted 02:02:42 (18295 turns).

eccles the Geomancer (Gargoyle Earth Elementalist) Turns: 18295, Time: 02:02:45

Health: -12/88     AC: 20    Str: 11    XL:     13   Next: 39%
Magic:  19/27      EV: 15    Int: 22    God:    Sif Muna [***...]
Gold:   704        SH:  0    Dex: 15    Spells: 13/33 levels left

rFire    + . .     SeeInvis .   a - +6 dagger (freeze)
rCold    + . .     Gourm    .   (no shield)
rNeg     + . .     Faith    .   E - +2 robe {rC+ rF+}
rPois    ∞         Spirit   .   G - +0 helmet
rElec    +         Reflect  .   (no cloak)
rCorr    .         Harm     .   n - +1 pair of gloves
MR       .....     Clarity  +   (no boots)
Stlth    +++.......             (no amulet)
HPRegen  0.24/turn              O - +5 ring of dexterity
MPRegen  0.20/turn              l - +4 ring of protection

@: no status effects
A: clarity, negative energy resistance 1, robust 1, electricity resistance,
unbreathing, petrification resistance, rot immunity, AC +9
a: Channel Magic, Forget Spell, Renounce Religion


You were on level 4 of the Lair of Beasts.
You worshipped Sif Muna.
Sif Muna was most pleased with you.
You were not hungry.

You visited 2 branches of the dungeon, and saw 15 of its levels.

You collected 766 gold pieces.
You spent 62 gold pieces at shops.

Inventory:

Hand Weapons
 a - a +6 dagger of freezing (weapon)
 b - a +2 shortbow of flaming
 V - a +3 scimitar of flaming
Missiles
 o - 339 arrows
 C - 59 poisoned darts (quivered)
 Z - 31 stones
Armour
 n - a +1 pair of gloves (worn)
 E - a +2 robe of resistance (worn)
 G - a +0 helmet (worn)
Magical Staves
 q - an uncursed staff of earth
Jewellery
 f - an uncursed ring of attention
 g - an uncursed ring of resist corrosion
 l - a +4 ring of protection (right hand)
 r - a +3 ring of dexterity
 O - a +5 ring of dexterity (left hand)
Wands
 c - a wand of clouds (3)
 j - a wand of iceblast (7)
 D - a wand of digging (4)
 I - a wand of random effects (12)
 N - a wand of enslavement (4)
 R - a wand of polymorph (12)
 U - a wand of flame (40)
Scrolls
 i - 5 scrolls of remove curse
 k - 3 scrolls of fog
 m - 4 scrolls of immolation
 p - a scroll of teleportation
 t - 3 scrolls of magic mapping
 y - 14 scrolls of identify
 L - 2 scrolls of amnesia
 S - a scroll of fear
Potions
 e - a potion of curing
 h - 2 potions of ambrosia
 u - 3 potions of lignification
 v - 4 potions of invisibility
 x - 3 potions of cancellation
 z - a potion of haste
 B - a potion of flight
 F - a potion of magic
 H - a potion of brilliance
 P - a potion of agility
 T - a potion of might
Miscellaneous
 M - a sack of spiders
Comestibles
 d - 30 rations
 s - 2 chunks of flesh


   Skills:
 * Level 9.2 Fighting
 + Level 5.2(5.3) Short Blades
 + Level 1.4(3.6) Long Blades
 + Level 0.3 Staves
 + Level 4.6 Bows
 + Level 1.8 Throwing
 + Level 2.1 Armour
 + Level 5.3 Dodging
 + Level 3.7 Stealth
 * Level 10.8 Spellcasting
 * Level 7.9 Conjurations
 + Level 0.9 Transmutations
 * Level 13.7 Earth Magic


You had 13 spell levels left.
You knew the following spells:

 Your Spells              Type           Power        Failure   Level  Hunger
a - Sandblast             Erth           ######       1%          1    None
b - Passwall              Tmut/Erth      #####...     1%          2    None
c - Stone Arrow           Conj/Erth      ######       1%          3    None
d - Lee's Rapid Deconstr  Erth           ######....   1%          5    ####...
e - Petrify               Tmut/Erth      #####...     2%          4    #......
f - Searing Ray           Conj           #####.       1%          2    None
g - Dazzling Spray        Conj/Hex       ####..       3%          3    None

Your spell library contained the following spells:

 Spells                   Type           Power        Failure   Level  Hunger
 Magic Dart               Conj           ####         1%          1    None
 Iskenderun's Mystic Bla  Conj           #####...     2%          4    #......
 Force Lance              Conj/Tloc      ####....     11%         4    #......
 Fulminant Prism          Conj/Hex       ####......   11%         4    #......


Dungeon Overview and Level Annotations

Branches:
Dungeon (11/15)            Temple (0/1) D:4            Lair (4/6) D:8
 Shoals (0/4) Lair:2       Spider (0/4) Lair:4
    Orc: D:9-12

Altars:
Elyvilon
Ru
Sif Muna
Wu Jian
Xom

Shops:
D:6 *   D:7 %

Annotations:
D:6 3 runed translucent doors, laxxamousse2's ghost, novice GnTm; laxxamousse2's ghost, novice OpTm
Lair:1 exclusion: 3 oklob plants
Lair:4 Rupert


Innate Abilities, Weirdness & Mutations

You are resistant to torment.
Your stone body is resilient. (AC +9)
You are immune to poison.
You resist negative energy. (rN+)
You are resistant to electric shocks. (rElec)
You can survive without breathing.
You are immune to petrification.
You are immune to rotting.
You possess an exceptional clarity of mind.
You are robust. (+10% HP)


Message History

Casting: Stone Arrow (safe; 1% risk of failure)
Confirm with . or Enter, or press ? or * to list all spells.
Aiming: Stone Arrow (safe; 1% risk of failure)
Press: ? - help, Shift-Dir - straight line, f/p - Rupert
Aim: Rupert, wielding a +0 great mace of draining and wearing a +0 chain mail (severely wounded, berserk, fast, unusually strong)
The stone arrow hits Rupert!
Rupert is almost dead.
Rupert barely misses you.
Casting: Stone Arrow (safe; 1% risk of failure)
Confirm with . or Enter, or press ? or * to list all spells.
Aiming: Sandblast (safe; 1% risk of failure)
Press: ? - help, Shift-Dir - straight line, f/p - Rupert
Aim: Rupert, wielding a +0 great mace of draining and wearing a +0 chain mail (almost dead, berserk, fast, unusually strong)
The blast of sand hits Rupert!
Rupert is almost dead.
Z - 31 stones Rupert hits you with a +0 great mace of draining!
* * * LOW HITPOINT WARNING * * *
Rupert hits you with a +0 great mace of draining!!
You die...

......#......#.....#
##.......###...##
#...#....# ##.)..
###..P....###....#
###..<.......##..#..
##.......###.#.#....#
#......####.........#
##.....# ##..#......
#..@.## ............
#....$@/..P.......#.##
##......[........####
###..P...##......
#.............#.
.......(........#
P..........
....#.#...(


You could see Rupert (berserk).

Vanquished Creatures
  Snorg (Lair:3)
  3 hydras
  Erica (Lair:2)
  2 death yaks (Lair:2)
  A centaur warrior (D:11)
  2 two-headed ogres
  Pikel (D:9)
  A black mamba (Lair:3)
  5 spiny frogs
  2 rime drakes
  3 komodo dragons
  A troll (D:11)
  3 jumping spiders (Lair:4)
  2 hornets
  A polar bear (Lair:2)
  4 blink frogs (Lair:4)
  7 hippogriffs
  Sigmund (D:2)
  2 redbacks (Lair:4)
  A wraith (D:11)
  A spriggan (D:7)
  5 wyverns
  26 yaks
  2 basilisks
  2 hungry ghosts
  3 water moccasins
  2 sky beasts
  2 orc warriors
  8 porcupines
  2 black bears
  2 ice beasts (D:11)
  A slave (D:9)
  4 phantoms
  A necrophage (D:8)
  An ogre (D:4)
  5 wolves (Lair:2)
  12 centaurs
  8 crocodiles
  A big kobold (D:7)
  13 bullfrogs
  A water moccasin zombie (D:5)
  4 scorpions
  17 killer bees
  8 wights
  4 howler monkeys
  3 electric eels (Lair:1)
  6 crimson imps
  A centaur zombie (D:11)
  2 bullfrog zombies
  2 jellies
  A bullfrog skeleton (D:10)
  8 hounds
  2 centaur skeletons
  4 orc priests
  Jessica (D:4)
  A gnoll shaman (D:5)
  Natasha (thrice) (D:2)
  4 iguanas
  10 orc wizards
  7 worker ants
  A hound zombie (D:6)
  4 hound skeletons
  Robin (D:3)
  7 gnolls
  15 adders
  A howler monkey skeleton (D:10)
  4 shadow imps
  An adder zombie (D:5)
  4 worms
  3 dart slugs
  6 leopard geckos
  45 orcs
  A bat (D:4)
  5 giant cockroaches
  11 goblins
  10 hobgoblins
  10 quokkas
  3 ball pythons
  12 frilled lizards
  9 kobolds
  A quokka zombie (D:8)
  10 rats
  A fungus (Lair:2)
399 creatures vanquished.

Vanquished Creatures (collateral kills)
  An orc priest (D:9)
  A jelly (D:9)
2 creatures vanquished.

Vanquished Creatures (others)
  An unseen horror (D:11)
  A scorpion (D:9)
  A bush (Lair:3)
  3 fungi
  2 plants (Lair:3)
  3 withered plants (D:6)
11 creatures vanquished.

Grand Total: 412 creatures vanquished

Notes
Turn   | Place    | Note
-------+----------+-------------------------------------------
     0 | D:1      | eccles the Gargoyle Earth Elementalist began the quest for
                  | the Orb.
     0 | D:1      | Reached XP level 1. HP: 10/10 MP: 3/3
   253 | D:1      | Reached skill level 4 in Earth Magic
   337 | D:1      | Reached XP level 2. HP: 15/15 MP: 3/5
   957 | D:2      | Reached XP level 3. HP: 19/19 MP: 4/6
  1271 | D:2      | Reached XP level 4. HP: 22/24 MP: 5/8
  1487 | D:2      | Learned a level 2 spell: Passwall
  1491 | D:2      | Learned a level 3 spell: Stone Arrow
  1497 | D:2      | Noticed Sigmund
  1630 | D:2      | Noticed Natasha
  1635 | D:2      | Killed Natasha
  1635 | D:2      | Reached skill level 1 in Fighting
  1635 | D:2      | Reached XP level 5. HP: 25/29 MP: 5/9
  1654 | D:2      | HP: 1/29 [something/puff of flame (10)]
  1655 | D:2      | Gained mutation: You occasionally shout uncontrollably at
                  | your foes. [potion of mutation]
  1655 | D:2      | Gained mutation: Scrolls take you a little longer to read.
                  | [potion of mutation]
  1655 | D:2      | Gained mutation: You have a pair of small horns on your
                  | head. [potion of mutation]
  1660 | D:2      | Killed Sigmund
  1660 | D:2      | Reached skill level 5 in Earth Magic
  1660 | D:2      | Reached XP level 6. HP: 13/35 MP: 2/11
  1661 | D:2      | Lost mutation: Scrolls take you a little longer to read.
                  | [potion of mutation]
  1661 | D:2      | Lost mutation: You have a pair of small horns on your head.
                  | [potion of mutation]
  1661 | D:2      | Lost mutation: You occasionally shout uncontrollably at
                  | your foes. [potion of mutation]
  1661 | D:2      | Gained mutation: You possess an exceptional clarity of
                  | mind. [potion of mutation]
  1661 | D:2      | Gained mutation: You are robust. (+10% HP) [potion of
                  | mutation]
  1785 | D:2      | Noticed Natasha
  1790 | D:2      | Killed Natasha
  1917 | D:3      | Noticed a phantom
  2246 | D:2      | Noticed Natasha
  2250 | D:2      | Killed Natasha
  2540 | D:3      | Reached XP level 7. HP: 44/44 MP: 8/13
  2622 | D:3      | Reached skill level 6 in Earth Magic
  2822 | D:3      | You fall into a shaft and drop 1 floor!
  2822 | D:4      | Found a shimmering blue altar of Sif Muna.
  2823 | D:4      | Noticed Jessica
  2830 | D:4      | Killed Jessica
  2923 | D:4      | Reached skill level 1 in Short Blades
  2923 | D:4      | Reached skill level 7 in Earth Magic
  2993 | D:3      | Noticed Robin
  3001 | D:3      | Killed Robin
  3273 | D:4      | Reached XP level 8. HP: 45/49 MP: 12/15
  3312 | D:4      | Found a sacrificial altar of Ru.
  3362 | D:4      | Found a staircase to the Ecumenical Temple.
  3378 | D:4      | Reached skill level 5 in Spellcasting
  3572 | D:5      | Entered Level 5 of the Dungeon
  3860 | D:5      | Found a shimmering altar of Xom.
  4330 | D:6      | Found a runed translucent gate.
  4330 | D:6      | Found a runed translucent gate.
  4330 | D:6      | Found a runed translucent gate.
  4330 | D:6      | Noticed laxxamousse2's ghost (novice OpTm)
  4330 | D:6      | Noticed laxxamousse2's ghost (novice GnTm)
  4580 | D:5      | Reached skill level 8 in Earth Magic
  4606 | D:5      | HP: 1/52 [hound (5)]
  4915 | D:6      | Reached XP level 9. HP: 52/57 MP: 18/18
  4981 | D:6      | Reached skill level 9 in Earth Magic
  5050 | D:6      | Identified the +6 quarterstaff "Kuwkoyv" {antimagic, *Slow
                  | rPois MP+9}
  5710 | D:6      | Found Jilukhlez's Assorted Antiques.
  5719 | D:6      | Bought a scroll of identify for 62 gold pieces
  6088 | D:7      | Found a shimmering altar of Xom.
  6402 | D:7      | Found Fulo's Food Shop.
  6429 | D:7      | Reached skill level 5 in Fighting
  6469 | D:7      | Found a white marble altar of Elyvilon.
  6529 | D:7      | Reached skill level 10 in Earth Magic
  6959 | D:6      | Learned a level 5 spell: Lee's Rapid Deconstruction
  6964 | D:6      | Learned a level 4 spell: Petrify
  6996 | D:7      | Reached skill level 1 in Throwing
  6996 | D:7      | Reached XP level 10. HP: 64/64 MP: 18/21
  7084 | D:7      | Reached skill level 1 in Conjurations
  7670 | D:7      | Learned a level 2 spell: Searing Ray
  7791 | D:8      | Reached skill level 1 in Bows
  7864 | D:8      | Found an ornate altar of the Wu Jian Council.
  8788 | D:4      | Became a worshipper of Sif Muna the Loreminder
  8990 | D:9      | Reached skill level 11 in Earth Magic
  9527 | D:9      | Noticed a two-headed ogre
  9532 | D:9      | Killed a two-headed ogre
  9899 | D:9      | Noticed Pikel
  9918 | D:9      | Killed Pikel
  9918 | D:9      | Reached XP level 11. HP: 50/70 MP: 0/23
 10277 | D:10     | Entered Level 10 of the Dungeon
 10282 | D:10     | Noticed a four-headed hydra
 10309 | D:10     | Killed a four-headed hydra
 11712 | D:11     | Reached * piety under Sif Muna
 12040 | D:11     | Learned a level 3 spell: Dazzling Spray
 12236 | D:11     | Reached skill level 5 in Conjurations
 12275 | D:11     | Reached skill level 12 in Earth Magic
 12649 | D:11     | Noticed a two-headed ogre
 12674 | D:11     | Killed a two-headed ogre
 12811 | D:11     | Noticed a centaur warrior
 12817 | D:11     | Killed an unseen horror
 12827 | D:11     | Killed a centaur warrior
 13237 | D:11     | Reached XP level 12. HP: 79/79 MP: 18/25
 13550 | D:8      | Found a staircase to the Lair.
 13557 | Lair:1   | Entered Level 1 of the Lair of Beasts
 14019 | Lair:1   | Reached ** piety under Sif Muna
 14288 | Lair:1   | Reached skill level 10 in Spellcasting
 14628 | Lair:2   | Reached skill level 5 in Short Blades
 14936 | Lair:2   | Reached skill level 13 in Earth Magic
 14953 | Lair:2   | Noticed a seven-headed hydra
 14998 | Lair:2   | Noticed Erica
 15008 | Lair:2   | Killed a seven-headed hydra
 15151 | Lair:2   | Found a staircase to the Shoals.
 15215 | Lair:2   | Killed Erica
 15215 | Lair:2   | Reached skill level 5 in Dodging
 15468 | Lair:2   | Noticed a six-headed hydra
 15479 | Lair:2   | Killed a two-headed hydra
 15700 | Lair:2   | Noticed a death yak
 15701 | Lair:2   | Noticed a death yak
 15736 | Lair:2   | Killed a death yak
 16108 | Lair:2   | Killed a death yak
 16108 | Lair:2   | Reached skill level 1 in Long Blades
 16334 | Lair:3   | Reached XP level 13. HP: 77/86 MP: 19/27
 16481 | Lair:3   | Noticed Snorg
 16493 | Lair:3   | Killed Snorg
 16956 | Lair:3   | Reached *** piety under Sif Muna
 18235 | Lair:4   | Found a hole to the Spider Nest.
 18274 | Lair:4   | Noticed Rupert
 18295 | Lair:4   | Mangled by Rupert

Levels and vault maps discovered:
D:1:      nagdon_arrival_double_spiral, layout_basic
D:2:      layout_rooms, minmay_circle_x, uniq_natasha, uniq_sigmund
D:3:      layout_loops_ring, uniq_robin
D:4:      layout_rooms, tgw_sif, nicolae_ru_great_annihilating_truth,
          minmay_temple_entry_overgrown, serial_shops, kennysheep_mini_moat
D:5:      layout_loops_ring, basic_altar, first_ration, grunt_ministairs_7,
          kennysheep_doodads
D:6:      layout_loops_ring, gammafunk_ghost_cemetery, serial_shops,
          nicolae_shop_overgrown_old_shop
D:7:      nicolae_whirlpool, layout_loops_ring, xom_butterflies, basic_altar,
          serial_shops, shop, the_bakery
D:8:      layout_loops_ring, lemuel_round_altar, lair_entry_dummy
D:9:      layout_loops_cross, serial_co_window_serial, co_window_paths_a,
          co_window_corner_a, co_window_paths_a, co_window_corner_a,
          co_window_cross_1, co_window_cross_1, co_window_broadway_b,
          co_window_2corner, co_window_corner_b, co_window_2corner,
          co_window_2corner, co_window_broadway_a, co_window_4corner_b,
          glass_columns_b, glass_columns_a, glass_columns_a, uniq_pikel
D:10:     layout_cave_pools, minmay_misc_feat_enclosed
D:11:     layout_basic, serial_glass, glass_columns_a, glass_columns_c
Lair:1:   layout_regular_city, minivault_25, disabler_island,
          lemuel_fruit_fields, minmay_lair_oklob_chamber
Lair:2:   layout_gridlike, minmay_shoals_entry_centaurs, lemuel_old_faithful,
          uniq_erica
Lair:3:   layout_small_grid, serial_bayou_shore_b, uniq_snorg
Lair:4:   layout_misc_corridors, spider_nest_entry_funnel_web,
          beast_lair_carwin_3, uniq_rupert

Skill      XL: |  1  2  3  4  5  6  7  8  9 10 11 12 13 |
---------------+----------------------------------------+-----
Earth Magic    | 4 5 7 8 10 11 12 13 | 13.7
Dodging        | 2 3 4 5 |  5.3
Spellcasting   | 3 4 6 7 8 9 10 | 10.8
Fighting       | 1 2 4 5 6 7 8 9 |  9.2
Armour         | 2 |  2.1
Short Blades   | 2 3 4 5 |  5.2
Throwing       | 1 |  1.8
Conjurations   | 4 5 7 |  7.9
Bows           | 1 2 4 |  4.6
Stealth        | 3 |  3.7
Long Blades    | 1 |  1.4
Staves         | |  0.3
Transmutations | |  0.9

Action                   |  1- 3 |  4- 6 |  7- 9 | 10-12 | 13-15 || total
-------------------------+-------+-------+-------+-------+-------++-------
Melee: Unarmed           |     4 |       |       |       |       ||     4
       Short sword       |    41 |    75 |   174 |       |       ||   290
       Dagger            |       |       |       |   525 |   154 ||   679
       Scimitar          |       |       |       |     5 |       ||     5
       Shortbow          |       |       |       |     4 |       ||     4
       Staff             |       |       |       |       |     4 ||     4
 Fire: Shortbow          |       |       |     6 |   119 |    43 ||   168
Throw: Dart              |       |     5 |    14 |    29 |    16 ||    64
 Cast: Sandblast         |    36 |    49 |   135 |    65 |    27 ||   312
       Stone Arrow       |       |     5 |    62 |   164 |    36 ||   267
       Searing Ray       |       |       |       |    15 |     1 ||    16
       Petrify           |       |       |       |     2 |       ||     2
Evoke: Wand              |       |       |       |     1 |       ||     1
  Use: Potion            |       |     3 |     4 |     7 |     3 ||    17
       Scroll            |       |       |    19 |     9 |     4 ||    32
 Stab: Sleeping          |     2 |       |     1 |     4 |       ||     7
  Eat: Chunk             |     2 |       |    16 |    27 |     6 ||    51
       Ration            |       |     1 |       |     1 |       ||     2
Armor: Robe              |     7 |       |   136 |   404 |    95 ||   642
       Leather armour    |    17 |    37 |     4 |       |       ||    58
Dodge: Dodged            |    39 |    49 |   205 |   485 |   147 ||   925
       Rpst.: Scimitar   |       |       |       |     1 |       ||     1
